 Dungeon Crawl Stone Soup version 0.31.0-9-g3a7656b989 (webtiles) character file.

Game seed: 18134637604135258570

72908 Gottschkopf the Devastator (level 15, -27/78 HPs)
             Began as a Deep Elf Conjurer on Jan 29, 2024.
             Was a High Priest of Vehumet.
             Annihilated by a reaper
             ... wielding a +4 scythe of venom
              (39 damage)
             ... in the Vestibule of Hell on Jan 30, 2024.
             The game lasted 01:57:00 (22502 turns).

Gottschkopf the Devastator (Deep Elf Conjurer)     Turns: 22502, Time: 01:57:02

Health: -27/78     AC: 14    Str:  4    XL:     15   Next: 2%
Magic:  10/36      EV: 19    Int: 42    God:    Vehumet [*****.]
Gold:   1109       SH:  0    Dex: 15    Spells: 6/45 levels left

rFire   + . .        G - +5 whip of the Pits of Slime {protect, rF- rC+ Int+5}
rCold   + . .        (no shield)
rNeg    + . .        x - +2 robe {rN+}
rPois   .            o - +2 helmet
rElec   .            c - +2 cloak
rCorr   .            w - +0 pair of gloves
SInv    .            L - +0 pair of boots of the Solstice {rF++}
Will    ++...        T - amulet of faith
Stlth   +++++        m - ring of willpower
HPRegen 0.33/turn    E - +6 ring of intelligence
MPRegen 0.25/turn

%: faith
@: lethally poisoned (-27 -> -28)
A: iridescent scales 1, thin skeletal structure 1, MP-powered wands
a: Renounce Religion


You were in the Vestibule of Hell.
You worshipped Vehumet.
Vehumet was extremely pleased with you.
You visited 4 branches of the dungeon, and saw 18 of its levels.
You also visited: Sewer and Gauntlet.

You collected 1109 gold pieces.

Inventory:

Hand Weapons
 G - the +5 whip of the Pits of Slime (weapon) {protect, rF- rC+ Int+5}
   (You found it on level 8 of the Dungeon)

   Int+5:     It affects your intelligence (+5).
   rF-:       It makes you vulnerable to fire.
   rC+:       It protects you from cold.
Armour
 c - a +2 cloak (worn)
 o - a +2 helmet (worn)
 w - a +0 pair of gloves (worn)
 x - a +2 robe of positive energy (worn)
 J - +0 fire dragon scales
 L - the +0 pair of boots of the Solstice (worn) {rF++}
   (You found it on level 8 of the Dungeon)

   rF++:      It greatly protects you from fire.
 P - +0 ice dragon scales
 V - the +0 pair of boots "Danuibro" {-Tele rPois Int+3}
   (You found it on level 1 of the Depths)

   Int+3:     It affects your intelligence (+3).
   rPois:     It protects you from poison -Tele: It prevents most forms of
   teleportation.
Magical Staves
 l - a staff of earth
 u - a staff of cold
Jewellery
 g - a +4 ring of protection
 j - an amulet of regeneration
 k - a ring of positive energy
 m - a ring of willpower (left hand)
 B - a ring of fire
 E - a +6 ring of intelligence (right hand)
 F - a ring of protection from cold
 H - a ring of flight
 I - a ring of fire
 S - a ring of ice
 T - an amulet of faith (around neck)
 U - an amulet of reflection
Talismans
 v - a talisman of death
Wands
 a - a wand of paralysis (21)
 s - a wand of polymorph (4)
 y - a wand of quicksilver (2)
 D - a wand of flame (36)
 Q - a wand of mindburst (16)
 X - a wand of iceblast (6)
Scrolls
 e - 2 scrolls of acquirement {unknown}
 f - 9 scrolls of fear
 i - 3 scrolls of teleportation
 p - 6 scrolls of amnesia
 r - 2 scrolls of poison
 K - a scroll of revelation
 O - 2 scrolls of enchant weapon
Potions
 b - 3 potions of magic
 d - 5 potions of curing
 h - 4 potions of enlightenment
 n - a potion of brilliance
 q - 6 potions of invisibility
 t - 4 potions of heal wounds
 z - 6 potions of mutation
 A - a potion of might
 M - a potion of lignification
 N - a potion of resistance {unknown}
 R - 3 potions of haste
 Y - a potion of ambrosia {unknown}
Miscellaneous
 C - a sack of spiders
 Z - a lightning rod (4/4)


   Skills:
 - Level 3.1 Fighting
 - Level 12.8 Dodging
 - Level 9.0 Stealth
 - Level 15.6 Spellcasting
 - Level 16.1 Conjurations
 - Level 9.8 Summonings
 - Level 2.3 Translocations
 + Level 6.4 Fire Magic
 - Level 6.0 Ice Magic
 * Level 4.5 Air Magic
 - Level 8.0 Alchemy


You had 6 spell levels left.
You knew the following spells:

 Your Spells              Type           Power      Damage    Failure   Level
a - Magic Dart            Conj           100%       1d8       0%          1
c - Fulminant Prism       Conj/Alch      47%        3d21      1%          4
d - Iskenderun's Mystic   Conj/Tloc      84%        2d17      1%          4
e - Blink                 Tloc           100%       N/A       1%          2
f - Swiftness             Air            63%        N/A       1%          3
g - Fireball              Conj/Fire      45%        3d18      1%          5
h - Freezing Cloud        Conj/Ice/Air   41%        6-21      1%          5
i - Spellforged Servitor  Conj/Summ      48%        N/A       1%          7
j - Plasma Beam           Fire/Air       34%        2x1d47    4%          6
k - Scorch                Fire           100%       2d9       1%          2

Your spell library contained the following spells:

 Spells                   Type           Power      Damage    Failure   Level
 Shock                    Conj/Air       100%       1d9       0%          1
 Summon Small Mammal      Summ           100%       N/A       0%          1
 Searing Ray              Conj           100%       2d8       0%          2
 Call Imp                 Summ           100%       N/A       1%          2
 Cigotuvi's Dreadful Rot  Necr/Alch/Air  100%       N/A       1%          2
 Ensorcelled Hibernation  Hex/Ice        100%       N/A       1%          2
 Jinxbite                 Hex            64%        N/A       1%          2
 Frozen Ramparts          Ice            100%       1d16      1%          3
 Volatile Blastmotes      Fire/Tloc      100%       2d18      1%          3
 Airstrike                Air            31%        2d(5-21)  1%          4
 Flame Wave               Conj/Fire      91%        2d19      1%          4
 Ignite Poison            Fire/Alch      76%        N/A       1%          4
 Leda's Liquefaction      Alch/Erth      30%        N/A       1%          4
 Petrify                  Alch/Erth      61%        N/A       1%          4
 Arcjolt                  Conj/Air       44%        1d54      1%          5
 Summon Forest            Summ/Tloc      35%        N/A       1%          5
 Passwall                 Erth           32%        N/A       2%          3
 Vhi's Electric Charge    Tloc/Air       100%       N/A       2%          4
 Summon Cactus Giant      Summ           43%        N/A       2%          6
 Summon Mana Viper        Hex/Summ       65%        N/A       3%          5
 Metabolic Englaciation   Hex/Ice        27%        N/A       7%          5
 Anguish                  Hex/Necr       16%        N/A       9%          4
 Cause Fear               Hex            16%        N/A       9%          4
 Haunt                    Necr/Summ      32%        N/A       69%         7
 Enfeeble                 Hex            16%        N/A       100%        7


Dungeon Overview and Level Annotations

Branches:
Dungeon (15/15)            Temple (1/1) D:6            Lair (0/5) D:8
    Orc (0/2) D:12         Vaults (0/5) D:14         Depths (1/4) D:15
   Hell (1/1)               Sewer (visited)         Gauntlet (visited)
    Dis: Hell:1         Geh: Hell:1         Coc: Hell:1         Tar: Hell:1

Altars:
Ashenzari
Cheibriados
Dithmenos
Elyvilon
Fedhas
Gozag
Hepliaklqana
Kikubaaqudgha
Makhleb
Nemelex Xobeh
Okawaru
Qazlal
Ru
Sif Muna
Trog
Uskayaw
Vehumet
Wu Jian
Xom
Yredelemnul
Zin
The Shining One

Portals:
Hell: Depths:1

Annotations:
Hell Geryon


Innate Abilities, Weirdness & Mutations

You are partially covered in iridescent scales. (AC +2)
You have a somewhat thin skeletal structure. (Dex +2, Stealth+)
You expend magic power (3 MP) to strengthen your wands.


Message History

The reaper is lightly wounded.
The reaper is knocked back by the mystic blast.
You feel sick.
You hear a hideous shriek!
You hear a shout!
A harpy simulacrum comes into view.
A putrid mouth comes into view.
A soul eater comes into view.
You feel sick.
The reaper says, "Everyone has to die sometime, and your time is now."
Geryon tail-slaps you but does no damage.
There is a gateway back to the Dungeon, spattered with blood here.
You feel sick.
The reaper hits you from afar with a +4 scythe of venom!
* * * LOW HITPOINT WARNING * * *
The reaper drags you backwards!
You can't go up here!
Casting: Iskenderun's Mystic Blast (safe; 1% risk of failure)
Confirm with . or Enter, or press ? or * to list all spells.
You erupt in a blast of force!
The mystic blast hits Geryon!
Geryon is lightly wounded.
The mystic blast hits the reaper.
The reaper is lightly wounded.
The reaper is knocked back by the mystic blast.
The mystic blast hits the harpy simulacrum!
The harpy simulacrum is moderately damaged.
The harpy simulacrum is knocked back by the mystic blast.
The mystic blast hits the reaper.
The reaper is lightly wounded.
The reaper is knocked back by the mystic blast.
The reaper slams into the rock wall!
The reaper is moderately wounded.
You feel sick.
You hear a screech!
You hear a shout!
You hear a chilling moan. x2
Geryon winds a great silver horn.
Casting: Iskenderun's Mystic Blast (safe; 1% risk of failure)
Confirm with . or Enter, or press ? or * to list all spells.
You summon a servant imbued with your destructive magic!
You feel sick.
The reaper hits you with a +4 scythe of venom!!!
Ouch! That really hurt!
You die...

...............
..............
. .............
..#....2.3.....
..............≈
#..#.......≈≈
#9#2....3.≈≈≈
#.@Z........
###Z#3......
#..&.....Z..
#.#...s...≈≈. #
.#.......≈≈
...........≈
#............
.. ..........
.............


You could see Geryon, 2 reapers, 2 soul eaters, a demonic crawler, a sun demon,
2 harpy simulacra, a spriggan defender simulacrum (ally target) and a friendly
spellforged servitor (summoned).

Vanquished Creatures
  A minotaur (Gauntlet)
  A blizzard demon (Gauntlet)
  Snorg (D:12)
  A fire dragon (Depths:1)
  Erolcha (D:12)
  An ogre mage (D:15)
  A hydra (D:14)
  A hell beast (Depths:1)
  3 centaur warriors
  9 two-headed ogres
  Erica (D:8)
  3 boulder beetles
  A catoblepas (D:15)
  6 tengu warriors
  A vampire mage (D:15)
  A skeletal warrior (D:14)
  4 sixfirhies (Gauntlet)
  An orange crystal statue (D:8)
  Pikel (D:6)
  4 deep elf pyromancers
  An orc knight (D:15)
  2 phantasmal warriors (D:14)
  A harpy (shapeshifter) (D:14)
  A sphinx simulacrum (Depths:1)
  2 necromancers
  23 ugly things
  8 cyclopes
  A black mamba (shapeshifter) (D:14)
  An ice statue (D:8)
  Maggie (D:9)
  A gargoyle (D:12)
  2 unseen horrors
  5 kobold demonologists
  4 yaktaurs (D:15)
  A rime drake (D:8)
  A freezing wraith (D:15)
  Psyche (D:12)
  2 tengu conjurers (Depths:1)
  8 trolls
  A wolf spider simulacrum (D:14)
  A hornet (Depths:1)
  3 polar bears (D:8)
  A blink frog (shapeshifter) (D:13)
  8 slime creatures
  Sigmund (D:5)
  2 vampires
  10 yaks
  A wraith (D:10)
  4 basilisks (D:15)
  12 vampire mosquitoes
  A steam dragon (D:10)
  2 acid dragons
  10 orc warriors
  Edmund (D:6)
  8 ice beasts
  3 sky beasts
  2 laughing skulls (D:14)
  2 black bears
  5 ogres
  2 wolves (D:8)
  6 centaurs
  4 lemures (D:6)
  3 phantoms
  8 kobold brigands
  7 earth elementals (D:15)
  4 bullfrogs
  A gnoll sergeant (D:12)
  A scorpion (D:5)
  13 wights
  11 killer bees (D:9)
  3 howler monkeys (D:8)
  A quasit (Sewer)
  A bombardier beetle (D:5)
  2 hounds
  5 orc priests
  2 gnoll boudas (D:8)
  Natasha (D:2)
  3 sleepcaps
  4 iguanas
  6 orc wizards
  16 gnolls
  5 adders
  A river rat (D:4)
  4 shadow imps
  5 white imps
  5 dart slugs
  8 ribbon worms
  50 orcs
  3 ball pythons
  6 endoplasms
  2 giant cockroaches
  7 hobgoblins
  2 jackals (D:5)
  32 kobolds
  9 quokkas
  6 bats
  3 frilled lizards
  8 goblins
  2 kobold zombies (Sewer)
  5 rats
454 creatures vanquished.

Vanquished Creatures (collateral kills)
  A lich (Depths:1)
  A frost giant (Depths:1)
  An iron dragon (Depths:1)
  An eidolon (Depths:1)
  A rakshasa (Depths:1)
  3 ice dragons (Depths:1)
  A death knight (D:15)
  A spriggan berserker (Depths:1)
  A storm dragon zombie (D:15)
  2 spriggans (Depths:1)
  A golden dragon zombie (Depths:1)
  A skeletal warrior (D:15)
  2 spark wasp zombies (D:15)
  A quicksilver dragon simulacrum (Depths:1)
  An ugly thing (Depths:1)
  A fire giant zombie (Depths:1)
  2 tengu conjurers (Depths:1)
  A hornet (Depths:1)
  A wraith (D:15)
24 creatures vanquished.

Vanquished Creatures (others)
  A kobold zombie (Sewer)
  174 fulminant prisms
175 creatures vanquished.

Grand Total: 653 creatures vanquished

Notes
Turn   | Place    | Note
-------+----------+-------------------------------------------
     0 | D:1      | Gottschkopf the Deep Elf Conjurer began the quest for the
                  | Orb.
     0 | D:1      | Reached XP level 1. HP: 10/10 MP: 6/6
   224 | D:1      | Reached XP level 2. HP: 15/15 MP: 4/8
   231 | D:1      | Learned a level 2 spell: Searing Ray
   609 | D:1      | Reached skill level 5 in Conjurations
   835 | D:1      | Reached XP level 3. HP: 19/19 MP: 6/10
  1176 | D:2      | Noticed Natasha
  1182 | D:2      | Killed Natasha
  1183 | D:2      | Reached skill level 1 in Alchemy
  1390 | D:2      | Reached XP level 4. HP: 24/24 MP: 7/12
  1396 | D:2      | Learned a level 4 spell: Fulminant Prism
  1577 | D:3      | Learned a level 4 spell: Iskenderun's Mystic Blast
  2304 | D:3      | Reached XP level 5. HP: 28/28 MP: 8/13
  2538 | D:3      | Reached skill level 6 in Conjurations
  2840 | D:4      | Reached skill level 1 in Translocations
  2840 | D:4      | Reached skill level 1 in Air Magic
  2851 | D:4      | Noticed a black bear
  3032 | D:4      | Reached XP level 6. HP: 32/32 MP: 2/14
  3167 | D:4      | Found a glowing drain.
  3243 | Sewer    | Entered a sewer
  3435 | Sewer    | Found a burning altar of Makhleb.
  3518 | Sewer    | Reached skill level 7 in Conjurations
  3638 | Sewer    | Identified the +1 scale mail "Pur Ywn" {Fly Dex+2}
  3738 | D:4      | Learned a level 2 spell: Blink
  3831 | D:4      | Reached XP level 7. HP: 36/36 MP: 2/15
  4037 | D:4      | Found a bloodstained altar of Trog.
  4050 | D:4      | Gained mutation: You have a somewhat thin skeletal
                  | structure. (Dex +2, Stealth+) [potion of mutation]
  4050 | D:4      | Gained mutation: You expend magic power (3 MP) to
                  | strengthen your wands. [potion of mutation]
  4050 | D:4      | Gained mutation: You are partially covered in iridescent
                  | scales. (AC +2) [potion of mutation]
  4332 | D:5      | Entered Level 5 of the Dungeon
  4504 | D:5      | Reached skill level 8 in Conjurations
  4824 | D:5      | Reached XP level 8. HP: 41/41 MP: 0/16
  4989 | D:5      | Reached skill level 9 in Conjurations
  5200 | D:5      | Noticed Sigmund
  5206 | D:5      | Killed Sigmund
  5207 | D:5      | Reached skill level 5 in Spellcasting
  5953 | D:6      | Found a burning altar of Makhleb.
  5953 | D:6      | Found a broken altar of Ashenzari.
  5960 | D:6      | Found a radiant altar of Vehumet.
  5962 | D:6      | Found a sacrificial altar of Ru.
  5963 | D:6      | Found an ornate altar of the Wu Jian Council.
  5966 | D:6      | Became a worshipper of Vehumet
  6088 | D:6      | Noticed Pikel
  6089 | D:6      | Noticed Edmund
  6099 | D:6      | Killed Pikel
  6100 | D:6      | Reached skill level 10 in Conjurations
  6100 | D:6      | Reached skill level 5 in Alchemy
  6106 | D:6      | Killed Edmund
  6107 | D:6      | Reached XP level 9. HP: 40/45 MP: 6/20
  6322 | D:6      | Found a staircase to the Ecumenical Temple.
  6368 | Temple   | Entered the Ecumenical Temple
  6491 | D:7      | Found the +5 woodcutter's axe
  6708 | D:7      | Reached skill level 11 in Conjurations
  7657 | D:8      | Noticed an orange crystal statue
  7667 | D:8      | Killed an orange crystal statue
  7679 | D:8      | Identified the +5 whip of the Pits of Slime {protect, rF-
                  | rC+ Int+5}
  7796 | D:8      | Noticed a rime drake
  7896 | D:9      | Reached * piety under Vehumet
  7896 | D:9      | Offered knowledge of Kiss of Death by Vehumet.
  7900 | D:9      | Reached skill level 12 in Conjurations
  7900 | D:9      | Reached XP level 10. HP: 50/50 MP: 11/24
  7907 | D:9      | Reached skill level 5 in Dodging
  7916 | D:9      | Noticed a two-headed ogre
  7929 | D:8      | Noticed an ice statue
  8216 | D:8      | Learned a level 3 spell: Swiftness
  8284 | D:8      | Noticed Erica
  8290 | D:8      | Killed Erica
  8613 | D:8      | Noticed a two-headed ogre
  8632 | D:8      | Killed a two-headed ogre
  8633 | D:8      | Reached skill level 13 in Conjurations
  8767 | D:8      | Killed an ice statue
  9151 | D:8      | Reached XP level 11. HP: 52/54 MP: 16/26
  9171 | D:8      | Reached skill level 10 in Spellcasting
  9232 | D:8      | Reached ** piety under Vehumet
  9360 | D:8      | Identified the +0 pair of boots of the Solstice {rF++}
  9418 | D:8      | Found a staircase to the Lair.
  9503 | D:8      | Offered knowledge of Static Discharge by Vehumet.
  9892 | D:9      | Noticed Maggie
  9911 | D:9      | Killed Maggie
  9912 | D:9      | Reached skill level 14 in Conjurations
  9999 | D:9      | Killed a two-headed ogre
 11038 | D:10     | Entered Level 10 of the Dungeon
 11105 | D:10     | Found a blossoming altar of Fedhas.
 11177 | D:10     | Noticed a two-headed ogre
 11192 | D:10     | Killed a two-headed ogre
 11193 | D:10     | Reached skill level 1 in Fighting
 11481 | D:10     | Offered knowledge of Inner Flame by Vehumet.
 11753 | D:10     | Noticed a soul eater
 12190 | D:11     | Noticed a two-headed ogre
 12196 | D:11     | Killed a two-headed ogre
 12196 | D:11     | Noticed a boulder beetle
 12206 | D:11     | Noticed a boulder beetle
 12310 | D:11     | Reached *** piety under Vehumet
 12546 | D:11     | Reached XP level 12. HP: 64/64 MP: 16/30
 12605 | D:11     | Killed a boulder beetle
 12605 | D:11     | Offered knowledge of Hailstorm by Vehumet.
 12606 | D:11     | Reached skill level 10 in Dodging
 12932 | D:11     | Killed a boulder beetle
 13078 | D:12     | Noticed Snorg
 13283 | D:12     | Killed Snorg
 13857 | D:12     | Noticed Erolcha
 13876 | D:12     | Killed Erolcha
 13892 | D:12     | Reached skill level 15 in Conjurations
 14043 | D:12     | Reached **** piety under Vehumet
 14044 | D:12     | Reached skill level 5 in Stealth
 14139 | D:12     | Offered knowledge of Fireball by Vehumet.
 14262 | D:12     | Found a staircase to the Orcish Mines.
 14335 | D:12     | Learned a level 5 spell: Fireball
 14341 | D:12     | Learned a level 5 spell: Freezing Cloud
 14428 | D:12     | Noticed Psyche
 14430 | D:12     | Noticed a boulder beetle
 14431 | D:12     | Killed Psyche
 14438 | D:12     | Killed a boulder beetle
 14673 | D:12     | Reached skill level 1 in Fire Magic
 14673 | D:12     | Reached skill level 1 in Ice Magic
 14739 | D:12     | Noticed a centaur warrior
 14742 | D:12     | Killed a centaur warrior
 15899 | D:14     | Reached XP level 13. HP: 68/68 MP: 23/32
 16150 | D:14     | Found a gate leading to a gauntlet.
 16159 | Gauntlet | Entered a Gauntlet
 16159 | Gauntlet | Noticed a blizzard demon
 16159 | Gauntlet | Found a transporter.
 16159 | Gauntlet | Found a transporter.
 16159 | Gauntlet | Found a transporter.
 16160 | Gauntlet | Found a transporter.
 16188 | Gauntlet | Killed a blizzard demon
 16190 | Gauntlet | Found a transporter.
 16196 | Gauntlet | Identified the -1 helmet "Oton" {-Tele rPois rC+ Dex+6}
 16290 | Gauntlet | Found a transporter.
 16415 | Gauntlet | Got the Handbook of Hexes and the Familiar
 16455 | Gauntlet | Found a transporter.
 16490 | Gauntlet | Noticed a minotaur
 16517 | Gauntlet | Killed a minotaur
 16735 | D:14     | Reached ***** piety under Vehumet
 16878 | D:14     | Found a shadowy altar of Dithmenos.
 16933 | D:14     | Offered knowledge of Spellforged Servitor by Vehumet.
 17179 | D:14     | Found a gate to the Vaults.
 17684 | D:15     | Entered Level 15 of the Dungeon
 17851 | D:15     | Found a staircase to the Depths.
 18167 | D:15     | Reached skill level 5 in Ice Magic
 18182 | D:15     | Reached skill level 5 in Fire Magic
 18827 | D:15     | Reached XP level 14. HP: 58/74 MP: 18/34
 18844 | D:15     | Reached skill level 16 in Conjurations
 19053 | D:15     | Reached skill level 15 in Spellcasting
 19069 | D:14     | Learned a level 7 spell: Spellforged Servitor
 19430 | D:15     | Reached skill level 1 in Summonings
 19851 | D:15     | Found a burning altar of Makhleb.
 20645 | D:15     | Reached skill level 5 in Summonings
 21053 | Depths:1 | Entered Level 1 of the Depths
 21082 | Depths:1 | Noticed a lich
 21084 | Depths:1 | Killed a lich
 21085 | Depths:1 | Noticed a frost giant
 21090 | Depths:1 | Killed a frost giant
 21993 | Depths:1 | Learned a level 6 spell: Plasma Beam
 22093 | Depths:1 | Learned a level 2 spell: Scorch
 22189 | Depths:1 | Identified the +0 pair of boots "Danuibro" {-Tele rPois
                  | Int+3}
 22199 | Depths:1 | Noticed an iron dragon
 22231 | Depths:1 | Killed an iron dragon
 22236 | Depths:1 | Reached XP level 15. HP: 11/78 MP: 1/36
 22486 | Depths:1 | Found a gateway to Hell.
 22494 | Hell     | Entered the Vestibule of Hell
 22497 | Hell     | Noticed Geryon
 22502 | Hell     | Annihilated by a reaper

Illustrated notes

Levels and vault maps discovered:
D:1:      lightli_arrival_noodles, layout_loops_ring
D:2:      layout_basic, uniq_natasha
D:3:      layout_loops_corners
D:4:      layout_rooms, lightli_temple_of_fire, gup_sewer_entry_spiral
D:5:      layout_rooms, uniq_sigmund
D:6:      layout_basic, chequers_temple_overflow_minitemple,
          minmay_temple_entry_nine_rooms, uniq_edmund, uniq_pikel
D:7:      layout_cave_pods, nrook_pool_corridor
D:8:      minmay_separated_statues, layout_rooms, hellmonk_lair_entry_icy,
          uniq_erica
D:9:      layout_stronghold, uniq_maggie
D:10:     minmay_skewed_foursquare, layout_loops_ring,
          mainiacjoe_overflow_alcove_4
D:11:     layout_cave_pools, corexii_corridor_pit
D:12:     layout_roguey, kennysheep_orc_monster_closet_entryway, uniq_erolcha,
          uniq_snorg, uniq_psyche
D:13:     layout_grid_maze
D:14:     layout_loops_ring, david_vaults_4, nicolae_dithmenos_shadow_blocks,
          gauntlet_entry_generic
D:15:     gammafunk_depths_entry_grave, layout_cave_pools, bloody_makhleb,
          hangedman_cracks_in_the_wall
Temple:   hellmonk_temple_two_chambers
Depths:1: layout_basic, grunt_mini_vestibule, chequers_serial_rivers_room_b,
          minmay_protected_statue
Hell

Skill      XL: |  1  2  3  4  5  6  7  8  9 10 11 12 13 14 |
---------------+-------------------------------------------+-----
Conjurations   | 5 6 7 8 10 12 13 14 15 16 | 16.1
Alchemy        | 1 2 4 5 6 7 8 |  8.0
Spellcasting   | 4 6 8 9 12 13 14 15 | 15.6
Translocations | 1 2 |  2.3
Air Magic      | 1 2 3 4 |  4.5
Dodging        | 4 7 9 11 12 | 12.8
Fighting       | 2 3 |  3.1
Stealth        | 6 9 |  9.0
Fire Magic     | 2 5 6 |  6.4
Ice Magic      | 2 5 6 |  6.0
Summonings     | 9 |  9.8

Action                     |  1- 3 |  4- 6 |  7- 9 | 10-12 | 13-15 || total
---------------------------+-------+-------+-------+-------+-------++-------
  Melee: Whip              |       |    50 |    14 |     9 |     1 ||    74
         Dagger            |       |     1 |       |       |       ||     1
         Punch             |       |     1 |       |       |       ||     1
   Cast: Magic Dart        |    64 |   126 |   130 |   185 |   100 ||   605
         Searing Ray       |     2 |     5 |    10 |    38 |     9 ||    64
         Fulminant Prism   |       |     6 |    27 |   121 |    21 ||   175
         Iskenderun's Myst |       |     2 |     4 |    27 |    60 ||    93
         Swiftness         |       |       |       |     6 |     2 ||     8
         Blink             |       |       |       |     1 |       ||     1
         Fireball          |       |       |       |    16 |    86 ||   102
         Freezing Cloud    |       |       |       |     6 |    31 ||    37
         Spellforged Servi |       |       |       |       |    17 ||    17
         Plasma Beam       |       |       |       |       |     3 ||     3
         Scorch            |       |       |       |       |     1 ||     1
    Use: Scroll            |       |       |     8 |     8 |     8 ||    24
         Potion            |       |       |     1 |       |       ||     1
   Stab: Sleeping          |       |     2 |       |       |       ||     2
 Armour: Robe              |     2 |    57 |    33 |    79 |    62 ||   233
  Dodge: Dodged            |     4 |    55 |    41 |    69 |    56 ||   225
